 Dungeon Crawl Stone Soup version 0.29-a0-598-gd8304a5bf4 (console) character file.

Game seed: 4412800621641971520

7421 om the Cleaver (level 10, -1/84 HPs)
             Began as a Minotaur Fighter on June 15, 2022.
             Was a Plaything of Xom.
             Slain by an orc warrior
             ... wielding a +0 trident
              (12 damage)
             ... on level 10 of the Dungeon.
             The game lasted 00:16:51 (11855 turns).

om the Cleaver (Minotaur Fighter)                  Turns: 11855, Time: 00:16:51

Health: -1/84      AC: 14    Str: 25      XL:     10   Next: 93%
Magic:  9/9        EV: 14    Int:  7      God:    Xom [..*...]
Gold:   628        SH:  0    Dex: 11 (12) Spells: 9/9 levels left

rFire   + . .      SeeInvis .   a - +0 war axe
rCold   . . .      Faith    .   c - +1 buckler
rNeg    . . .      Spirit   .   y - +0 acid dragon scales
rPois   .          Reflect  .   (helmet restricted)
rElec   .          Harm     .   (no cloak)
rCorr   +          Rampage  .   (no gloves)
Will    .....                   (no boots)
Stlth   ..........              (no amulet)
HPRegen 0.24/turn               m - +4 ring of protection
MPRegen 0.11/turn               (no ring)

@: confused, ambrosia-drunk, on berserk cooldown, slowed, very slow
A: horns 2, retaliatory headbutt, iridescent scales 1, clever 1, fire resistance
1, sense surroundings 1, screaming 1, strong 1
a: Renounce Religion


You were on level 10 of the Dungeon.
You worshipped Xom.
You were a toy of Xom.
You visited 1 branch of the dungeon, and saw 10 of its levels.

You collected 628 gold pieces.

Inventory:

Hand Weapons
 a - a +0 war axe (weapon)
 v - a +1 battleaxe of flaming
 w - a +2 quarterstaff of chaos
 B - a +0 rapier
Armour
 c - a +1 buckler (worn)
 x - a +0 cloak
 y - +0 acid dragon scales (worn)
Jewellery
 m - a +4 ring of protection (left hand)
 q - a ring of see invisible
Wands
 p - a wand of mindburst (14)
 z - a wand of flame (16)
Scrolls
 d - 2 scrolls of blinking
 e - 2 scrolls of amnesia
 f - a scroll of vulnerability
 k - 2 scrolls of fear
 l - 3 scrolls of fog
 n - 5 scrolls of teleportation
 o - 3 scrolls of enchant weapon
 s - a scroll of immolation
 t - 2 scrolls of magic mapping
 u - a scroll of enchant armour
Potions
 g - 2 potions of curing
 h - 3 potions of brilliance
 i - a potion of resistance
 j - a potion of haste
 r - 2 potions of ambrosia
 A - a potion of heal wounds {unknown}
Miscellaneous
 C - a piece from Xom's chessboard (12/15)


   Skills:
 + Level 6.6 Fighting
 * Level 11.8 Axes
 - Level 10.0 Armour
 - Level 8.0 Dodging
 - Level 0.2 Stealth
 - Level 8.0 Shields
 - Level 4.0 Evocations


You had 9 spell levels left.
You didn't know any spells.
Your spell library contained the following spells:

 Spells                   Type           Power      Damage    Failure   Level
 Blink                    Tloc           0%         N/A       71%         2
 Poisonous Vapours        Pois/Air       0%         N/A       71%         2
 Gell's Gravitas          Tloc           0%         N/A       90%         3
 Lesser Beckoning         Tloc           0%         N/A       90%         3
 Ozocubu's Armour         Ice            0%         N/A       90%         3
 Teleport Other           Tloc           0%         N/A       90%         3
 Anguish                  Hex/Necr       0%         N/A       100%        4
 Corpse Rot               Necr/Pois/Air  0%         N/A       100%        4
 Manifold Assault         Tloc           0%         N/A       100%        5
 Metabolic Englaciation   Hex/Ice        0%         N/A       100%        5
 Simulacrum               Ice/Necr       0%         N/A       100%        6
 Enfeeble                 Hex            0%         N/A       100%        7


Dungeon Overview and Level Annotations

Branches:
Dungeon (10/15)            Temple (0/1) D:6             Orc (0/2) D:10
   Lair: D:8-11

Altars:
Ashenzari
Cheibriados
Kikubaaqudgha
Nemelex Xobeh
Vehumet
Wu Jian
Xom
Beogh

Shops:
D:1 [   D:9 (


Innate Abilities, Weirdness & Mutations

You have a pair of horns on your head.
You reflexively headbutt those who attack you in melee.
You are partially covered in iridescent scales. (AC +2)
Your mind is acute. (Int +2)
Your flesh is heat resistant. (rF+)
You passively map a small area around you.
You occasionally shout uncontrollably at your foes.
Your muscles are strong. (Str +2)


Message History

Beogh smites you!
* * * LOW HITPOINT WARNING * * *
You are too injured to fight recklessly!
You are too injured to fight recklessly!
You hit the orc. You headbutt the orc.
You kill the orc!
You barely miss the orc warrior. You block the orc warrior's attack.
You hit the orc warrior but do no damage.
You barely miss the orc warrior. The orc warrior completely misses you.
The orc warrior hits you but does no damage.
The orc warrior hits you with a +0 trident!
* * * LOW HITPOINT WARNING * * *
You are confused.
You feel invigorated. The orc warrior barely misses you.
The orc warrior hits you with a +0 trident.
* * * LOW HITPOINT WARNING * * *
The orc sings a few bars from the Orcish anthem.
The orc priest invokes the aid of Beogh against you.
Beogh smites you!
* * * LOW HITPOINT WARNING * * *
"See what I see, my child!"
You feel aware of your surroundings.
You are now a toy of Xom.
The orc warrior hits you but does no damage.
The orc warrior closely misses you.
The orc warrior hits you but does no damage.
The orc warrior misses you.
You slash the orc warrior!
The orc warrior is moderately wounded.
The orc warrior barely misses you. The orc warrior completely misses you.
The orc warrior hits you with a +0 dire flail.
* * * LOW HITPOINT WARNING * * *
The orc warrior hits you from afar with a +0 trident!
* * * LOW HITPOINT WARNING * * *
You hit the orc warrior.
The orc warrior is moderately wounded.
The orc warrior closely misses you.
The orc warrior hits you from afar with a +0 trident!
You die...
Xom snickers!

, *,,,, ,, ,#.......'...#.....
,,,+ ,,, ,,,,#<..#...#...#.....
, ,, * * ###########.#...#.....
,*,, *, ,...>......#.#...+.....
, *, , ..........#.########## ,
*,,∆, ,, ⌠.._..oo..############
,* , ,, ,...ooooo.#......#...#
,, ***,,,∆,.8.o{ooo#......'...#
, ,** *8'8#####8o8##......#...#
,, ,
,,,.......)oo)........#...#
**,, * .....#@..))+.....######
,
,******,...,,#######.....######
,, , , .,,,, , ,.............#
,, *, ,,,, , , ...............
,,*, , ,,, , ,
∆................ , *** ***
****,,...#####+#<....# ,,,, *
** **** ,...* ...#.....# ,, ,,
,, , ,,, ,,,, **#.#.8#8.# ,,,*
, ,, ,, #.###...#!#.# ,, *,
,,,,, ,, ,#.......8#8.# ,, ,, ,
,,, ,, #...........#


You could see 2 orc warriors, 2 orc priests and 7 orcs.

Vanquished Creatures
  2 two-headed ogres
  Pikel (D:4)
  A rime drake (D:6)
  Maggie (D:6)
  A troll (D:10)
  Sigmund (D:3)
  A shadow (D:10)
  A wraith (D:10)
  6 yaks (D:9)
  A wyvern (D:8)
  A steam dragon (D:8)
  2 acid dragons
  Edmund (D:4)
  3 water moccasins
  A black bear (D:8)
  2 orc warriors (D:10)
  A sky beast (D:7)
  2 ogres
  3 centaurs
  2 lemures (D:4)
  A phantom (D:6)
  A kobold brigand (D:7)
  3 necrophages (D:5)
  2 bullfrogs
  A scorpion (D:6)
  8 killer bees
  3 howler monkeys (D:8)
  4 crimson imps (D:3)
  2 hounds (D:5)
  4 jellies
  Crazy Yiuf (D:7)
  An orc priest (D:8)
  A gnoll shaman (D:8)
  An iguana (D:6)
  6 orc wizards
  2 human simulacra (D:9)
  Robin (D:2)
  13 gnolls
  11 adders
  2 river rats (D:3)
  A shadow imp (D:6)
  2 white imps
  An ufetubus (D:7)
  5 worms
  2 dart slugs (D:1)
  35 orcs
  7 ball pythons
  7 endoplasms
  7 giant cockroaches
  8 goblins
  14 hobgoblins
  7 jackals
  7 quokkas
  5 bats
  3 frilled lizards
  7 kobolds
  7 rats
227 creatures vanquished.

Notes
Turn   | Place    | Note
-------+----------+-------------------------------------------
     0 | D:1      | om the Minotaur Fighter began the quest for the Orb.
     0 | D:1      | Reached XP level 1. HP: 19/19 MP: 0/0
   164 | D:1      | Reached XP level 2. HP: 27/27 MP: 1/1
   394 | D:1      | Found Hoamaerch's Armour Shoppe.
   572 | D:1      | Reached skill level 1 in Dodging
   816 | D:1      | Reached XP level 3. HP: 28/33 MP: 2/2
   871 | D:1      | Reached skill level 3 in Axes
  1379 | D:2      | Reached XP level 4. HP: 40/40 MP: 3/3
  1479 | D:2      | Reached skill level 4 in Axes
  1830 | D:2      | Noticed Robin
  1841 | D:2      | Killed Robin
  2377 | D:3      | Reached XP level 5. HP: 41/46 MP: 4/4
  2384 | D:3      | Reached skill level 5 in Axes
  2511 | D:3      | Noticed Sigmund
  2522 | D:3      | Killed Sigmund
  2523 | D:3      | Reached skill level 5 in Armour
  2523 | D:3      | Reached XP level 6. HP: 34/53 MP: 5/5
  2772 | D:3      | Found a faded altar of an unknown god.
  2797 | D:3      | Prayed at the altar of an unknown god.
  2797 | D:3      | Became a worshipper of Xom of Chaos
  3265 | D:3      | Found a shimmering altar of Xom.
  3266 | D:3      | XOM: divination: detect items
  3406 | D:3      | XOM: give mutations
  3406 | D:3      | Gained mutation: You passively dampen the noise of your
                  | surroundings. [Xom's grace]
  3406 | D:3      | Gained mutation: You are partially covered in iridescent
                  | scales. (AC +2) [Xom's grace]
  3420 | D:3      | XOM: enchant monster (bad)
  3471 | D:3      | XOM: give mutations
  3471 | D:3      | Gained mutation: Armour fits poorly on your strangely
                  | shaped body. [Xom's mischief]
  3471 | D:3      | Lost mutation: Armour fits poorly on your strangely shaped
                  | body. [Xom's mischief]
  3471 | D:3      | Gained mutation: You sometimes lose the ability to read
                  | scrolls when taking damage. [Xom's mischief]
  3471 | D:3      | Gained mutation: Your flesh is heat resistant. (rF+) [Xom's
                  | mischief]
  3557 | D:3      | Reached XP level 7. HP: 53/60 MP: 6/6
  3805 | D:4      | Reached skill level 5 in Fighting
  3991 | D:4      | Noticed Pikel
  3992 | D:4      | XOM: enchant monster (bad)
  3997 | D:4      | Killed Pikel
  3998 | D:4      | Reached skill level 6 in Axes
  4098 | D:4      | Noticed Edmund
  4107 | D:4      | XOM: noise
  4108 | D:4      | Killed Edmund
  4109 | D:4      | Reached skill level 7 in Axes
  4109 | D:4      | Reached XP level 8. HP: 57/68 MP: 7/7
  4143 | D:4      | XOM: noise
  4144 | D:4      | XOM: 9-stop teleportation journey
  4283 | D:4      | XOM: torment (35/68 hp)
  4292 | D:4      | XOM: give mutations
  4292 | D:4      | Gained mutation: You are mostly covered in iridescent
                  | scales. (AC +4) [Xom's grace]
  4292 | D:4      | Gained mutation: You are completely covered in iridescent
                  | scales. (AC +6) [Xom's grace]
  4320 | D:4      | XOM: give mutations
  4320 | D:4      | Lost mutation: You sometimes lose the ability to read
                  | scrolls when taking damage. [Xom's mischief]
  4320 | D:4      | Gained mutation: Your muscles are strong. (Str +2) [Xom's
                  | mischief]
  4320 | D:4      | Gained mutation: You are dopey. (Int -2) [Xom's mischief]
  4320 | D:4      | Gained mutation: You sometimes lose the ability to read
                  | scrolls when taking damage. [Xom's mischief]
  4535 | D:4      | XOM: 1-stop teleportation journey
  4546 | D:4      | XOM: smoke on damage
  4558 | D:4      | XOM: noise
  4775 | D:4      | Lost mutation: You passively dampen the noise of your
                  | surroundings. [potion of mutation]
  4775 | D:4      | Lost mutation: You are dopey. (Int -2) [potion of mutation]
  4775 | D:4      | Gained mutation: Your mind is acute. (Int +2) [potion of
                  | mutation]
  4775 | D:4      | Gained mutation: You occasionally shout uncontrollably at
                  | your foes. [potion of mutation]
  4775 | D:4      | Gained mutation: Your spells are a little easier to cast,
                  | but a little less powerful. [potion of mutation]
  4875 | D:4      | Found a snail-covered altar of Cheibriados.
  5026 | D:4      | XOM: silly message
  5080 | D:5      | Entered Level 5 of the Dungeon
  5133 | D:5      | XOM: enchant monster (good)
  5299 | D:5      | XOM: fake destruction
  5556 | D:5      | Found an ancient bone altar of Kikubaaqudgha.
  5729 | D:5      | Reached skill level 8 in Axes
  5734 | D:5      | Reached skill level 10 in Armour
  6202 | D:5      | XOM: summons 1 hostile demon
  6434 | D:6      | Noticed a rime drake
  6434 | D:6      | an ice beast changed into a rime drake
  6434 | D:6      | XOM: polymorph ice beast -> rime drake
  6444 | D:6      | Killed a rime drake
  6445 | D:6      | Reached XP level 9. HP: 51/75 MP: 8/8
  6464 | D:6      | Noticed Maggie
  6473 | D:6      | Killed Maggie
  6474 | D:6      | Reached skill level 9 in Axes
  6533 | D:6      | XOM: give mutation
  6533 | D:6      | Lost mutation: You are completely covered in iridescent
                  | scales. (AC +6) [Xom's mischief]
  6731 | D:6      | Reached skill level 10 in Axes
  6857 | D:6      | XOM: 1-stop teleportation journey
  7000 | D:6      | Found a staircase to the Ecumenical Temple.
  7047 | D:6      | Found a broken altar of Ashenzari.
  7055 | D:6      | Reached skill level 1 in Evocations
  7082 | D:6      | XOM: silly message
  7147 | D:6      | XOM: 3-stop teleportation journey
  7260 | D:6      | XOM: give mutations
  7260 | D:6      | Gained mutation: Your muscles are very strong. (Str +4)
                  | [Xom's grace]
  7260 | D:6      | Gained mutation: You passively map a small area around you.
                  | [Xom's grace]
  7260 | D:6      | Gained mutation: You are robust. (+10% HP) [Xom's grace]
  7389 | D:6      | XOM: divination: magic mapping
  7478 | D:7      | XOM: noise
  7869 | D:7      | XOM: give mutations
  7869 | D:7      | Lost mutation: You are robust. (+10% HP) [Xom's mischief]
  7869 | D:7      | Lost mutation: You are mostly covered in iridescent scales.
                  | (AC +4) [Xom's mischief]
  8053 | D:7      | Found a runed translucent door.
  8054 | D:7      | Noticed Crazy Yiuf
  8062 | D:7      | Killed Crazy Yiuf
  8063 | D:7      | Reached skill level 5 in Shields
  8332 | D:8      | Found an ornate altar of the Wu Jian Council.
  8335 | D:8      | Noticed a two-headed ogre
  8344 | D:8      | XOM: enchant monster (good)
  8351 | D:8      | Killed a two-headed ogre
  8352 | D:8      | Reached skill level 5 in Dodging
  8361 | D:8      | XOM: 2-stop teleportation journey
  8367 | D:8      | XOM: give mutations
  8367 | D:8      | Lost mutation: Your muscles are very strong. (Str +4)
                  | [Xom's mischief]
  8367 | D:8      | Gained mutation: Your body sometimes deteriorates upon
                  | taking damage. [Xom's mischief]
  8367 | D:8      | Lost mutation: Your body sometimes deteriorates upon taking
                  | damage. [Xom's mischief]
  8367 | D:8      | Lost mutation: You sometimes lose the ability to read
                  | scrolls when taking damage. [Xom's mischief]
  8394 | D:8      | Reached XP level 10. HP: 49/83 MP: 9/9
  8584 | D:8      | XOM: noise
  8859 | D:8      | XOM: potion effect (curing)
  8867 | D:8      | XOM: noise
  9424 | D:9      | Found a sparkling altar of Nemelex Xobeh.
  9446 | D:9      | Found Fib Cimn's Weapon Shop.
  9588 | D:9      | Identified a scroll of acquirement
  9589 | D:9      | Acquired a +1 battleaxe of flaming
 10251 | D:9      | XOM: give mutation
 10251 | D:9      | Lost mutation: Your spells are a little easier to cast, but
                  | a little less powerful. [Xom's mischief]
 10433 | D:9      | Found a radiant altar of Vehumet.
 10467 | D:9      | XOM: confusion (+ monsters)
 10566 | D:9      | Reached skill level 11 in Axes
 10759 | D:10     | Entered Level 10 of the Dungeon
 10773 | D:10     | Noticed a two-headed ogre
 10782 | D:10     | Killed a two-headed ogre
 10815 | D:10     | XOM: god gift: rapier {god gift}
 10874 | D:10     | XOM: god gift: piece from Xom's chessboard (15/15)
 11050 | D:10     | XOM: divination: detect items
 11317 | D:10     | XOM: summons 6 hostile demons
 11401 | D:10     | XOM: summons 6 hostile demons
 11826 | D:10     | Found a staircase to the Orcish Mines.
 11840 | D:10     | XOM: confusion
 11852 | D:10     | XOM: divination: magic mapping
 11855 | D:10     | Slain by an orc warrior

Illustrated notes

Levels and vault maps discovered:
D:1:      dpeg_arrival_oval, layout_basic, serial_shops, nicolae_shop_trees
D:2:      minmay_general_purpose_star, layout_basic, guppyfry_early_orc_mine,
          uniq_robin
D:3:      layout_loops_ring, led_xom_imps, portal_sewer_entry_e,
          ebering_ecumenical_altar_ruins, kennysheep_minor_cross, uniq_sigmund
D:4:      layout_basic, overflow_temple_1_default, minmay_misc_feat_ornament,
          kennysheep_another_room, uniq_edmund, uniq_pikel
D:5:      layout_basic, kennysheep_mini_moat, serial_glass, glass_columns_b,
          glass_columns_a
D:6:      layout_loops_corners, ashenzari_conservatory_becter,
          minmay_temple_entry_sparse_star, uniq_maggie
D:7:      layout_loops_cross, kennysheep_big_empty_room,
          hangedman_abyss_or_decor_passed, uniq_crazy_yiuf_cottage
D:8:      layout_cave_pods, mainiacjoe_overflow_cross_hatched,
          serial_column_ruins, column_ruins_hut, column_ruins_hut,
          column_ruins_corridor_straight, column_ruins_open_tiny,
          column_ruins_open_medium
D:9:      layout_loops_ring, nemelex_xobeh_ov_fountains_minmay,
          vehumet_altar_wand_db, serial_shops,
          nicolae_shop_bloodbath_and_beyond, serial_glass, glass_columns_a,
          glass_columns_a, glass_columns_b, glass_columns_b, glass_columns_b,
          glass_columns_a, glass_columns_a, glass_columns_c, bh_circular_ruins
D:10:     layout_stronghold, nicolae_elyvilon_temple_path, david_orc_5,
          minmay_statues_item, grunt_decor_cap

Skill      XL: |  1  2  3  4  5  6  7  8  9 10 |
---------------+-------------------------------+-----
Dodging        | 1 2 3 4 5 8 |  8.0
Armour         | 4 5 7 10 | 10.0
Fighting       | 4 5 6 |  6.6
Axes           | 3 4 5 7 8 10 11 | 11.8
Shields        | 4 6 8 |  8.0
Evocations     | 3 4 |  4.0
Stealth        | |  0.2

Action                   |  1- 3 |  4- 6 |  7- 9 | 10-12 || total
-------------------------+-------+-------+-------+-------++-------
Melee: War axe           |    49 |   121 |   267 |   194 ||   631
       Headbutt          |     6 |    12 |    53 |    39 ||   110
Evoke: Piece from Xom's  |       |       |       |     4 ||     4
  Use: Scroll            |     6 |       |     8 |     3 ||    17
       Potion            |       |       |     9 |     4 ||    13
 Stab: Paralysed         |       |       |     2 |       ||     2
       Petrified         |       |       |     2 |       ||     2
       Confused          |       |       |       |     2 ||     2
Armor: Scale mail        |    19 |    59 |   110 |     9 ||   197
       Acid dragon scale |       |       |       |    80 ||    80
Dodge: Dodged            |    29 |    56 |   146 |   180 ||   411
Block: Buckler           |    13 |    28 |    60 |    80 ||   181

Table legend: (Time is in decaauts)
 A = Elapsed time spent in this place.
 B = Non-inter-level travel time spent in this place.
 C = Inter-level travel time spent in this place.
 D = Time resting spent in this place.
 E = Time spent auto-exploring this place.
 F = Levels seen in this place.
 G = Mean time per level.
                   A        B        C        D        E       F      G
               +--------+--------+--------+--------+--------+-----+--------+
         Total |  11961 |  11660 |    301 |    465 |   9552 |  10 | 1196.1 |
       Dungeon |  11961 |  11660 |    301 |    465 |   9552 |  10 | 1196.1 |
               +--------+--------+--------+--------+--------+-----+--------+

Top non-repeatable levels by time:
     D:3: 1403 daAuts
     D:9: 1357 daAuts
     D:4: 1341 daAuts
     D:2: 1267 daAuts
     D:5: 1232 daAuts
     D:8: 1188 daAuts
     D:1: 1138 daAuts
    D:10: 1120 daAuts
     D:6: 1110 daAuts
     D:7: 801 daAuts
